 Dungeon Crawl Stone Soup version 0.22-a0-292-g0df9d5f (webtiles) character file.

51 GizzardofKazz the Slasher (level 3, -5/31 HPs)
             Began as a Minotaur Berserker on Mar 23, 2018.
             Was a Believer of Trog.
             Slain by a worm (10 damage)
             ... on level 3 of the Dungeon.
             The game lasted 00:01:56 (986 turns).

GizzardofKazz the Slasher (Minotaur Berserker)       Turns: 986, Time: 00:01:57

Health: -5/31      AC:  2    Str: 21    XL:     3   Next: 57%
Magic:  2/2        EV: 12    Int:  4    God:    Trog [**....]
Gold:   63         SH:  0    Dex: 10    Spells: 2/2 levels left

rFire    . . .     SeeInvis .   a - +0 falchion
rCold    . . .     Gourm    .   (no shield)
rNeg     . . .     Faith    .   b - +0 animal skin
rPois    .         Spirit   .   (helmet restricted)
rElec    .         Reflect  .   (no cloak)
rCorr    .         Harm     .   (no gloves)
MR       .....                  (no boots)
Stlth    +.........             (no amulet)
HPRegen  0.10/turn              (no ring)
MPRegen  0.08/turn              (no ring)

@: no status effects
A: retaliatory headbutt, horns 2
a: Berserk, Trog's Hand, Renounce Religion


You were on level 3 of the Dungeon.
You worshipped Trog.
Trog was pleased with you.
You were not hungry.

You visited 1 branch of the dungeon, and saw 3 of its levels.

You collected 63 gold pieces.

Inventory:

Hand Weapons
 a - a +0 falchion (weapon)
Armour
 b - a +0 animal skin (worn)
Scrolls
 d - a scroll of random uselessness {unknown}
 e - 2 scrolls of identify {unknown}
 f - a scroll of enchant armour {unknown}
 h - 2 scrolls of teleportation {unknown}
 i - a scroll of remove curse {unknown}
Potions
 g - 2 potions of agility {unknown}
 j - a potion of heal wounds {unknown}
Comestibles
 c - 2 rations
 k - 5 chunks of flesh


   Skills:
 - Level 3.6 Fighting
 + Level 5.6 Long Blades
 - Level 2.4 Armour
 - Level 2.1 Dodging


You had 2 spell levels left.
You didn't know any spells.

Dungeon Overview and Level Annotations

Branches:
Dungeon (3/15)

Altars:


Innate Abilities, Weirdness & Mutations

You reflexively headbutt those who attack you in melee.
You have a pair of horns on your head.


Message History

a dagger; an adder corpse; a kobold corpse; a goblin skeleton You butcher the adder corpse.
A worm comes into view.
Items here: % ) ÷÷ † a dagger; 2 chunks of flesh; an adder skeleton; a kobold corpse a goblin skeleton You feel sick.
You feel sick.
There is a stone staircase leading down here.
You feel sick.
You are no longer poisoned.
You climb downwards.
A worm comes into view.
There is a stone staircase leading up here.
You hit the worm.
The worm is lightly wounded.
You hit the worm but do no damage. You headbutt the worm!
The worm is heavily wounded.
The worm bites you!
You die... # #.### #.w@# #####

You could see a worm.

Vanquished Creatures
  2 adders (D:2)
  2 giant cockroaches (D:1)
  5 goblins
  3 hobgoblins (D:1)
  10 jackals
  A ball python (D:1)
  A bat (D:2)
  3 kobolds
  2 rats (D:1)
29 creatures vanquished.

Notes
Turn   | Place    | Note
-------+----------+-------------------------------------------
     0 | D:1      | GizzardofKazz the Minotaur Berserker began the quest for the Orb.
     0 | D:1      | Reached XP level 1. HP: 19/19 MP: 0/0
    85 | D:1      | Reached skill level 4 in Long Blades
   260 | D:1      | Reached XP level 2. HP: 17/26 MP: 1/1
   815 | D:1      | Reached skill level 5 in Long Blades
   946 | D:2      | Reached XP level 3. HP: 25/31 MP: 2/2
   953 | D:2      | Reached ** piety under Trog
   986 | D:3      | Slain by a worm

Vault maps used:
D:1:      dpeg_arrival_three_smaller_balls
D:3:      lemuel_crystal_altar, tgw_sif

Skill      XL: |  1  2 |
---------------+-------+-----
Long Blades    | 4 5 |  5.6
Fighting       | |  3.6
Armour         | |  2.4
Dodging        | |  2.1

Action                   || total
-------------------------++-------
Melee: Falchion          ||    54
       Headbutt          ||     9
Armor: Animal skin       ||    10
Dodge: Dodged            ||    37
       Rpst.: Falchion   ||     8

Table legend:
 A = Spawn XP
 B = Non-spawn XP
 C = Spawn XP percentage of total XP
 D = Spawn monster count
 E = Non-spawn monster count
 F = Spawn count percentage of total count
 G = Total turns spent on level
                    A         B        C        D         E        F      G
               +---------+---------+-------+---------+---------+-------+---------
         Total |       0 |      73 |   0.0 |       0 |      29 |   0.0 |   986
               +---------+---------+-------+---------+---------+-------+---------
           D:1 |       0 |      35 |   0.0 |       0 |      20 |   0.0 |   926
           D:2 |       0 |      38 |   0.0 |       0 |       9 |   0.0 |    58
               +---------+---------+-------+---------+---------+-------+---------
